 Dungeon Crawl Stone Soup version 0.20-a0-1000-g0e8f6bb (webtiles) character file.

2425 RaHiT the Frost Mage (level 9, -4/57 HPs)
             Began as a Barachi Ice Elementalist on Apr 12, 2017.
             Was a Believer of Nemelex Xobeh.
             Killed from afar by a gargoyle (21 damage)
             ... with a stone arrow
             ... on level 7 of the Dungeon.
             The game lasted 00:48:08 (6477 turns).

RaHiT the Frost Mage (Barachi Ice Elementalist)     Turns: 6477, Time: 00:48:09

Health: -4/57      AC:  7    Str: 10    XL:     9   Next: 48%
Magic:  1/16       EV: 12    Int: 18    God:    Nemelex Xobeh [**....]
Gold:   496        SH:  0    Dex: 13    Spells: 4/18 levels left

rFire    . . .     SeeInvis .   Q - staff of summoning
rCold    + . .     Gourm    .   (no shield)
rNeg     . . .     Faith    .   a - +0 robe
rPois    .         Spirit   .   (no helmet)
rElec    .         Reflect  .   z - +0 cloak
rCorr    .         Harm     .   i - +0 pair of gloves
MR       .....     Rnd*Rage +   n - +0 pair of boots
Stlth    ++........             m - amulet of regeneration
Regen    0.6/turn               d - +2 ring of protection
MPRegen  0.2/turn               (no ring)

@: slow
A: +LOS, swims, berserk 1, cold resistance 1, screaming 1, slowness 1, subdued
magic 1, strong legs 1
a: Hop, Renounce Religion


You were on level 7 of the Dungeon.
You worshipped Nemelex Xobeh.
Nemelex Xobeh was pleased with you.
You were hungry.

You visited 1 branch of the dungeon, and saw 7 of its levels.
You also visited: Sewer.

You collected 496 gold pieces.

Inventory:

Hand Weapons
 p - a +0 hunting sling
 u - a +1 vampiric short sword
 v - a +3 dagger of speed
 y - a +3 quarterstaff of chaos
 B - a +2 mace of draining
 C - a +0 mace of holy wrath
 D - a cursed -3 mace
 E - a +1 mace of protection
 F - a cursed -1 mace
 M - a +3 quarterstaff
Missiles
 q - 116 stones (quivered)
 x - 109 sling bullets
Armour
 a - a +0 robe (worn)
 i - a +0 pair of gloves (worn)
 n - a +0 pair of boots (worn)
 z - a +0 cloak (worn)
Magical Staves
 Q - an uncursed staff of summoning (weapon)
Jewellery
 d - a +2 ring of protection (left hand)
 m - an amulet of regeneration (around neck)
Wands
 A - a wand of iceblast (11/15)
 J - a wand of polymorph (11/24)
 L - a wand of flame (16/48)
 R - a wand of flame (35/48)
Scrolls
 g - 2 scrolls of amnesia
 h - 4 scrolls of remove curse
 o - 3 scrolls of immolation
 r - 3 scrolls of blinking
 s - a scroll of noise
 w - a scroll of teleportation
 N - a scroll of enchant armour
 P - 2 scrolls of recharging {unknown}
Potions
 e - 2 potions of curing
 j - 2 potions of agility
 k - 4 potions of brilliance
Books
 b - a book of Frost

   Spells                             Type                      Level
   a - Freeze                         Ice                          1
   b - Throw Frost                    Conjuration/Ice              2
   c - Ozocubu's Armour               Charms/Ice                   3
   d - Throw Icicle                   Conjuration/Ice              4
   e - Summon Ice Beast               Ice/Summoning                4
 H - a book of Misfortune

   Spells                             Type                      Level
   a - Confusing Touch                Hexes                        1
   b - Confuse                        Hexes                        3
   c - Gell's Gravitas                Translocation                3
   d - Petrify                        Transmutation/Earth          4
   e - Metabolic Englaciation         Hexes/Ice                    5
   f - Yara's Violent Unravelling     Hexes/Transmutation          5
Miscellaneous
 G - a plain deck of summoning {drawn: 1}
 I - a plain deck of destruction {drawn: 1}
 O - an ornate deck of summoning
Comestibles
 c - 4 bread rations
 f - 9 fruits
 l - 2 chunks of flesh
 t - 3 meat rations
 K - 2 royal jellies


   Skills:
 - Level 2.1 Dodging
 - Level 1.7 Stealth
 - Level 5.0 Spellcasting
 * Level 2.8 Conjurations
 - Level 6.4 Summonings
 - Level 12.0 Ice Magic


You had 4 spell levels left.
You knew the following spells:

 Your Spells              Type           Power        Failure   Level  Hunger
a - Freeze                Ice            ####         1%          1    None
b - Throw Frost           Conj/Ice       ###...       1%          2    #......
c - Ozocubu's Armour      Chrm/Ice       ###.....     2%          3    ##.....
d - Throw Icicle          Conj/Ice       ###.....     6%          4    ####...
e - Summon Ice Beast      Ice/Summ       #####...     1%          4    ####...


Dungeon Overview and Level Annotations

Branches:
Dungeon (7/15)             Temple (0/1) D:5

Altars:
Ashenzari
Nemelex Xobeh
Okawaru
Qazlal
Ru
Sif Muna
Trog
Uskayaw
Yredelemnul
The Shining One


Innate Abilities, Weirdness & Mutations

Shadows flee at your approach. (+LOS)
You can swim through water.
You cover ground slowly.
You can hop short distances.
You tend to lose your temper in combat.
Your flesh is cold resistant. (rC+)
You occasionally shout uncontrollably at your foes.
Your spells are a little easier to cast, but a little less powerful.


Message History

There is an open door here.
You open the door.
You ribbit at the gargoyle!
A gargoyle comes into view. It is wielding an antimagic mace.
Something unseen opens the door.
Found 3 fruits.
Casting: Freeze
Confirm with . or Enter, or press ? or * to list all spells.
You feel a surge of power! A chill wind blows around you.
You are feeling hungry.
The gargoyle hits you with an antimagic mace!!
You feel your power leaking away.
You ribbit at the gargoyle!
A gargoyle comes into view. It is wielding a mace.
The gargoyle hurls a stone arrow at you.
The stone arrow hits you!
* * * LOW HITPOINT WARNING * * *
The gargoyle hurls a stone arrow at you.
The stone arrow hits you!
You die...
Your body glows with a rainbow of weird colours and disappears.

######..####......#
###....)....#####.#
#...##...##...#...
##.###8...8###.#.#
#..# ##...##.#...####
#.###+.....'###.....#
#.# #.......#8#.###.#
#.##+.......'##...# #
#.##....8.[@.##.#.#
#.##+....)Y.'##.#.#
#.# #......9#.#.#.#
#.###+....9'###.#.#
#..# ##+.'##%#..#.#
##.### ### ###.##.#
#...#######......#
###.........##.###
############.#


You could see 2 gargoyles and a friendly ice beast.

Vanquished Creatures
  A porcupine (D:6)
  3 sky beasts
  A phantom (D:6)
  A centaur (D:5)
  4 bullfrogs
  A wyvern zombie (D:6)
  A wyvern skeleton (D:6)
  A scorpion (D:6)
  A howler monkey (D:6)
  A centaur zombie (D:5)
  4 crimson imps
  A quasit (D:6)
  2 hounds (D:4)
  A bullfrog skeleton (D:4)
  Crazy Yiuf (D:2)
  A centaur skeleton (D:6)
  4 orc wizards
  An iguana (D:6)
  3 worker ants
  A hound zombie (D:6)
  A worker ant zombie (D:5)
  9 adders
  11 oozes
  2 worms
  2 dart slugs
  14 leopard geckos
  11 orcs
  14 ball pythons
  18 giant cockroaches
  5 goblins
  4 hobgoblins
  5 jackals
  2 quokkas
  7 bats
  11 frilled lizards
  A giant cockroach zombie (D:6)
  15 kobolds
  A quokka skeleton (D:5)
  6 rats
173 creatures vanquished.

Vanquished Creatures (collateral kills)
  Joseph (D:7)
  2 gargoyles (D:7)
  Sigmund (D:5)
  An orc warrior (D:6)
  An iguana (D:6)
  A gnoll (D:6)
  An adder (D:6)
  An adder zombie (D:6)
  2 orcs (D:6)
11 creatures vanquished.

Grand Total: 184 creatures vanquished

Notes
Turn   | Place    | Note
-------+----------+-------------------------------------------
     0 | D:1      | RaHiT the Barachi Ice Elementalist began the quest for the Orb.
     0 | D:1      | Reached XP level 1. HP: 13/13 MP: 3/3
    78 | D:1      | Reached skill level 4 in Ice Magic
   149 | D:1      | Reached XP level 2. HP: 12/19 MP: 0/5
   421 | D:1      | Reached XP level 3. HP: 24/24 MP: 2/7
   918 | D:1      | Learned a level 2 spell: Throw Frost
   922 | D:1      | Learned a level 3 spell: Ozocubu's Armour
  1037 | D:2      | Found a deep blue altar of Sif Muna.
  1204 | D:2      | Reached XP level 4. HP: 30/30 MP: 3/10
  1724 | D:2      | Found a runed door.
  1751 | D:2      | Noticed Crazy Yiuf
  1755 | D:2      | Killed Crazy Yiuf
  1907 | D:3      | Found a glowing drain.
  1910 | D:3      | Reached XP level 5. HP: 26/35 MP: 6/12
  1917 | Sewer    | Entered a sewer
  1953 | Sewer    | Learned a level 4 spell: Throw Icicle
  1983 | Sewer    | Reached skill level 5 in Spellcasting
  2229 | Sewer    | Reached skill level 5 in Ice Magic
  2379 | Sewer    | Reached skill level 6 in Ice Magic
  2379 | Sewer    | Reached XP level 6. HP: 34/41 MP: 0/13
  2541 | D:3      | Learned a level 4 spell: Summon Ice Beast
  2542 | D:3      | Reached skill level 7 in Ice Magic
  2565 | D:3      | Found a sparkling altar of Nemelex Xobeh.
  2597 | D:3      | Became a worshipper of Nemelex Xobeh the Trickster
  2665 | D:3      | Received a gift from Nemelex Xobeh
  2779 | D:3      | Found a glowing golden altar of the Shining One.
  2848 | D:3      | Found a stormy altar of Qazlal.
  3080 | D:3      | Found a shattered altar of Ashenzari.
  3209 | D:4      | Reached XP level 7. HP: 45/46 MP: 10/14
  3284 | D:4      | Reached * piety under Nemelex Xobeh
  3596 | D:4      | Found a hide-covered altar of Uskayaw.
  3803 | D:4      | Reached skill level 8 in Ice Magic
  3898 | D:5      | Entered Level 5 of the Dungeon
  3964 | D:5      | Noticed Sigmund
  3972 | D:5      | Killed Sigmund
  4035 | D:5      | Reached skill level 9 in Ice Magic
  4179 | D:5      | Gained mutation: Your flesh is heat resistant. (rF+) [mutagenic meat]
  4180 | D:5      | Gained mutation: You tend to lose your temper in combat. [mutagenic meat]
  4181 | D:5      | Lost mutation: Your flesh is heat resistant. (rF+) [mutagenic meat]
  4219 | D:5      | Found a staircase to the Ecumenical Temple.
  4257 | D:5      | Found a sacrificial altar of Ru.
  4310 | D:5      | Reached XP level 8. HP: 52/52 MP: 15/15
  4317 | D:5      | Reached ** piety under Nemelex Xobeh
  4507 | D:5      | Reached skill level 10 in Ice Magic
  4749 | D:6      | Received a gift from Nemelex Xobeh
  5006 | D:6      | Received a gift from Nemelex Xobeh
  5214 | D:6      | Found a bloodstained altar of Trog.
  5244 | D:6      | Reached skill level 11 in Ice Magic
  5509 | D:6      | Reached skill level 12 in Ice Magic
  5608 | D:6      | Reached skill level 1 in Summonings
  5670 | D:6      | Reached XP level 9. HP: 57/57 MP: 9/16
  5705 | D:6      | Gained mutation: Your flesh is cold resistant. (rC+) [mutagenic meat]
  5706 | D:6      | Gained mutation: You occasionally shout uncontrollably at your foes. [mutagenic meat]
  5707 | D:6      | Gained mutation: Your spells are a little easier to cast, but a little less powerful. [mutagenic meat]
  5796 | D:6      | Found a basalt altar of Yredelemnul.
  5796 | D:6      | Found an iron altar of Okawaru.
  6084 | D:7      | Noticed Joseph
  6096 | D:7      | Killed Joseph
  6096 | D:7      | Reached skill level 5 in Summonings
  6108 | D:7      | Noticed a gargoyle
  6348 | D:7      | Killed a gargoyle
  6375 | D:7      | Noticed a gargoyle
  6396 | D:7      | Killed a gargoyle
  6474 | D:7      | Noticed a gargoyle
  6476 | D:7      | Noticed a gargoyle
  6477 | D:7      | Killed from afar by a gargoyle

Vault maps used:
D:1:      minmay_arrival_three_doors, nrook_mini_backslash
D:2:      old_standard_altar, first_bread, dk_noncrumbling_3,
          minmay_misc_feat_rows, uniq_crazy_yiuf_cottage
D:3:      marbit_many_paths, lemuel_coloured_pillars_altar,
          overflow_temple_1_default, portal_sewer_entry_c, minivault_26,
          minmay_liquid_box, nemelex_xobeh_ov_fountains_minmay
D:4:      eat_drink_and_be_merry_uskayaw
D:5:      minmay_temple_entry_overgrown, nicolae_ru_path_of_blood, uniq_sigmund
D:6:      kennysheep_windowed_halls, kennysheep_little_box,
          gammafunk_temple_overflow_wave, st_stairs_1
D:7:      cheibrodos_statue_roulette, brannock_xom_greatest_gift, uniq_duvessa,
          uniq_joseph
Sewer:    sewer_frog_island_02

Skill      XL: |  1  2  3  4  5  6  7  8  9 |
---------------+----------------------------+-----
Ice Magic      | 4 6 7 9 12 | 12.0
Spellcasting   | 3 4 5 |  5.0
Summonings     | 2 6 |  6.4
Conjurations   | 2 |  2.8
Dodging        | |  2.1
Stealth        | |  1.7

Action                   |  1- 3 |  4- 6 |  7- 9 || total
-------------------------+-------+-------+-------++-------
Melee: Quarterstaff      |       |     2 |    57 ||    59
 Fire: Hunting sling     |    13 |   140 |    33 ||   186
Throw: Stone             |       |       |     1 ||     1
 Cast: Freeze            |    40 |    98 |    71 ||   209
       Throw Frost       |     8 |     9 |    28 ||    45
       Ozocubu's Armour  |       |     1 |       ||     1
       Summon Ice Beast  |       |       |    17 ||    17
       Throw Icicle      |       |       |     2 ||     2
Evoke: Deck              |       |       |     2 ||     2
       Wand              |       |       |     2 ||     2
  Use: Scroll            |       |     6 |     6 ||    12
       Potion            |       |       |     6 ||     6
  Eat: Chunk             |     2 |     7 |    19 ||    28
       Fruit             |       |       |     3 ||     3
Armor: Robe              |     9 |    18 |    53 ||    80
Dodge: Dodged            |    19 |    53 |    89 ||   161
